Map: 10000 Feet LE

Players

Kan

  • Race: Zerg Zerg
  • League: Diamond
  • Spawn Location: 5:00

A.I. 1 (Medium) - Winner!

  • Race: Terran Terran
  • Spawn Location: 11:00

VOD

Have the link to the VOD?

Description

Time

  • Played on: May 23, 2026, 3:24 p.m.
  • Length: 6:26
Show
View Real Time Build Order
Export as new Build Order

Kan Zerg 

Build Orders: Hatch First 

Get SALT Encoding   

  12  0:00  Drone  
  13  0:08  Drone  
  14  0:15  Extractor, Drone  
  15  0:21  Overlord  
  15  0:41  Drone  
  16  0:48  Hatchery  
  15  0:52  Drone  
  15  0:56  Drone  
  15  0:57  Drone  
  18  1:10  Extractor  
  17  1:13  Spawning Pool  
  17  1:15  Drone  
  17  1:18  Drone  
  18  1:29  Drone  
  19  1:41  Drone  
  20  1:48  Drone  
  21  2:00  Queen x2  
  25  2:01  Zergling x2  
  25  2:02  Zergling x2  
  27  2:10  Drone  
  27  2:11  Overlord  
  28  2:21  Metabolic Boost  
  28  2:31  Drone x3  
  28  2:34  Drone  
  32  2:41  Hatchery  
  30  2:50  Drone x2  
  32  2:52  Overlord  
  32  2:57  Queen  
  34  3:00  Drone  
  34  3:04  Drone  
  36  3:17  Drone  
  36  3:18  Drone x2  
  39  3:21  Drone, Overlord  
  39  3:23  Queen  
  42  3:39  Queen  
  44  3:42  Drone x2  
  44  3:45  Drone x2  
  44  3:47  Overlord  
  48  3:58  Drone x5  
  48  3:59  Queen  
  55  4:11  Overlord x2  
  55  4:12  Drone  
  55  4:13  Drone x2  
  55  4:14  Overlord  
  55  4:17  Overlord x2  
  58  4:24  Evolution Chamber  
  58  4:28  Lair  
  57  4:31  Extractor, Drone  
  57  4:32  Drone x2  
  57  4:35  Drone  
  57  4:37  Drone x3  
  63  4:39  Drone x2  
  63  4:41  Spore Crawler  
  63  4:44  Drone  
  65  4:47  Drone  
  65  4:52  Spore Crawler  
  65  4:55  Drone x5  
  65  4:56  Baneling Nest  
  69  5:04  Extractor x2  
  67  5:12  Hatchery  
  66  5:17  Drone x2  
  66  5:19  Drone x3  
  66  5:20  Drone x2  
  73  5:21  Overlord  
  73  5:35  Queen x2  
  75  5:36  Overlord  
  75  5:37  Overlord x4  
  75  5:38  Zergling x2  
  75  5:39  Zergling x6  
  81  5:43  Overseer  
  81  5:48  Spore Crawler, Drone  
  81  5:49  Drone  
  82  5:58  Zergling x14  
  82  6:02  Hatchery  
  98  6:26  Infestation Pit  
Show
View Real Time Build Order
Export as new Build Order

A.I. 1 (Medium) Terran - Winner!

Build Orders: 2 Factory 

Get SALT Encoding   

  12  0:00  SCV  
  13  0:13  SCV  
  14  0:18  Supply Depot  
  14  0:25  SCV  
  15  0:39  SCV  
  16  0:43  Barracks  
  16  0:51  SCV  
  17  1:04  SCV  
  18  1:15  Command Center  
  18  1:31  Orbital Command  
  18  1:32  Marine  
  19  1:36  Supply Depot  
  19  1:43  Refinery  
  19  1:50  Marine  
  20  1:56  SCV  
  20  2:00  Barracks  
  21  2:07  Refinery  
  21  2:09  SCV  
  22  2:17  Barracks Tech Lab  
  22  2:21  SCV  
  23  2:31  Supply Depot  
  23  2:33  SCV  
  23  2:35  Marine  
  25  2:49  SCV  
  26  2:52  SCV  
  26  2:53  Marauder  
  26  2:56  Barracks Tech Lab  
  29  3:00  Refinery  
  29  3:13  Factory  
  29  3:15  Marauder  
  31  3:23  SCV, Marauder  
  31  3:24  Refinery  
  31  3:26  Factory  
  34  3:36  Marine  
  35  3:46  SCV  
  36  3:49  SCV, Marine  
  38  3:56  Factory Tech Lab  
  38  3:58  SCV  
  38  4:00  Starport  
  39  4:03  Reaper  
  39  4:09  Factory Tech Lab  
  40  4:11  SCV  
  40  4:14  SCV  
  40  4:17  Marine  
  42  4:23  SCV  
  44  4:30  Supply Depot, SCV  
  45  4:35  SCV, Marine  
  47  4:39  Medivac  
  47  4:42  SCV  
  47  4:44  Marine  
  51  4:47  SCV  
  52  4:54  SCV  
  52  4:55  Supply Depot  
  52  4:57  Marine  
  52  4:59  SCV  
  55  5:06  SCV  
  56  5:11  Marine  
  57  5:17  SCV, Medivac  
  60  5:21  Supply Depot  
  60  5:23  SCV  
  60  5:25  Marauder  
  63  5:29  SCV  
  64  5:39  Marauder  
  64  5:40  Engineering Bay  
  66  5:43  SCV  
  66  5:46  SCV  
  66  5:47  Supply Depot  
  66  5:48  Starport Tech Lab  
  68  5:52  Reaper  
  68  5:55  SCV  
  70  5:58  SCV  
  71  6:07  SCV  
  71  6:08  Ghost Academy  
  71  6:09  Missile Turret  
  71  6:11  Missile Turret  
  73  6:12  Missile Turret  
  73  6:15  Supply Depot  
  73  6:16  Missile Turret  
Tags
 
Add a new tag
Caveats
  • Supply blocks, unpowered buildings, or Contaminate may cause inaccurate times.
  • Supply counts are checked every 10 seconds.